 Dungeon Sprint DCSS version 0.30-a0-1160-g6e42c06551 (webtiles) character file.

Game seed: 1106108198652558725

14628 sircluck the Executioner (level 12, -1/128 (133) HPs)
             Began as a Hill Orc Berserker on Apr 26, 2023.
             Was the Champion of Trog.
             Slain by a sun demon (12 damage)
             ... summoned by an orc sorcerer
             ... in the Dungeon (Sprint IX: "|||||||||||||||||||||||||||||").
             The game lasted 00:08:15 (1857 turns).

sircluck the Executioner (Hill Orc Berserker)       Turns: 1857, Time: 00:08:16

HP:   -1/128 (133)  AC: 22    Str: 25    XL:     12   Next: 18%
MP:   12/12         EV: 10    Int:  7    God:    Trog [******]
Gold: 1276          SH:  0    Dex: 13    Spells: 11/11 levels left

rFire   . . .        t - +5 executioner's axe
rCold   . . .        (shield currently unavailable)
rNeg    . . .        o - +0 plate armour
rPois   .            x - +0 helmet
rElec   .            w - +0 cloak
rCorr   .            (no gloves)
SInv    .            n - +0 pair of boots
Will    .....        (no amulet) Stlth
                     q - +3 ring of dexterity
HPRegen 0.41/turn    (no ring)
MPRegen 0.13/turn

%: no teleportation
@: on berserk cooldown, lightly drained
A: no striking features
a: Renounce Religion, Berserk, Trog's Hand, Brothers in Arms


You were in the Dungeon.
You worshipped Trog.
Trog was exalted by your worship.
You visited 1 branch You collected 1276 gold pieces.

Inventory:

Hand Weapons
 a - a +0 hand axe
 e - a +0 battleaxe
 m - a +3 war axe of freezing
 t - a +5 executioner's axe (weapon)
 u - a +9 rapier
Missiles
 i - 10 stones (quivered)
 v - 6 javelins
 B - 2 curare-tipped darts
Armour
 b - a +0 animal skin
 j - a +0 ring mail
 n - a +0 pair of boots (worn)
 o - a +0 plate armour (worn)
 w - a +0 cloak (worn)
 x - a +0 helmet (worn)
 y - a +0 cloak
Jewellery
 p - a +3 ring of intelligence
 q - a +3 ring of dexterity (left hand)
Wands
 l - a wand of quicksilver (5)
 z - a wand of roots (6)
Scrolls
 h - 2 scrolls of fear
 r - a scroll of fog
 s - 2 scrolls of enchant weapon
Potions
 c - 3 potions of curing
 d - a potion of heal wounds
 f - 4 potions of magic
 g - a potion of berserk rage
 k - a potion of invisibility
 A - a potion of degeneration {unknown}


   Skills:
 + Level 20.1 Fighting
 + Level 24.5 Axes
 + Level 1.0 Throwing
 + Level 15.4 Armour
 + Level 6.6 Dodging
 + Level 2.5 Stealth
 + Level 1.1 Evocations


You had 11 spell levels left.
You didn't know any spells.
Your spell library was empty.

Dungeon Overview and Level Annotations

Branches:
Dungeon (1/1)

Altars:
Cheibriados
Dithmenos
Elyvilon
Fedhas
Gozag
Hepliaklqana
Kikubaaqudgha
Makhleb
Nemelex Xobeh
Okawaru
Qazlal
Ru
Sif Muna
Trog
Uskayaw
Vehumet
Wu Jian
Xom
Yredelemnul
Zin
The Shining One
Beogh
Jiyva
Lugonu

Shops:
D *!**


Message History

The sun demon completely misses you.
Read: 3 scrolls of fear
Press: ? - help, Q - select action, (/) - cycle Dir - look around, f - activate Look: an orc sorcerer, wielding a +0 dagger and wearing a +0 robe (almost dead, chance to affect: 90%)
As you read the scroll of fear, it crumbles to dust.
You assume a fearsome visage.
The chaos spawn looks frightened!
The sun demon looks frightened!
The orc sorcerer looks frightened!
The orc sorcerer looks frightened!
The orc sorcerer cries, "Mercy!"
An orc wizard comes into view. It is wielding a +0 dagger.
The orc wizard mumbles some strange words.
The orc wizard flickers and vanishes!
You see here 50 gold pieces.
The orc sorcerer gives up.
Cornered, the chaos spawn turns to fight!
Cornered, the orc sorcerer turns to fight!
Things that are here:
a +0 dagger; a +2 robe of resistance; 100 gold pieces You see here 50 gold pieces.
You feel yourself speed up.
The sun demon seems to regain its courage.
You see here 50 gold pieces.
The sun demon closely misses you.
Items here: $ ) [ †.
You open the sun demon like a pillowcase!!!
The sun demon is almost dead.
The sun demon hits you!!
* * * LOW HITPOINT WARNING * * *
You are engulfed in flames!
* * * LOW HITPOINT WARNING * * *
You feel much better. The sun demon hits you!
* * * LOW HITPOINT WARNING * * *
You are engulfed in flames!
* * * LOW HITPOINT WARNING * * *
You barely miss the sun demon.
The sun demon is almost dead.
The orc sorcerer seems to regain its courage.
The sun demon hits you!
You die...

▓.▓.▓.▓.▓.▓
▓∩▓.▓.▓.▓.▓
▓o▓.▓.▓.▓.▓
▓∩▓.▓.▓.▓[▓
▓$▓.▓.▓.▓.▓
▓o▓.▓.▓.▓)▓
▓$▓.▓.▓.▓?▓
▓$▓.▓.▓.▓.▓
▓@▓.▓†▓.▓'▓
▓3▓.▓.▓.▓_▓
▓)▓.▓.▓.▓_▓
▓.▓.▓.▓.▓_▓
▓.▓.▓.▓.▓_▓
▓)▓.▓.▓.▓_▓
▓)▓.▓.▓.▓_▓
▓)▓.▓.▓.▓_▓
▓)▓.▓.▓.▓_▓


You could see a sun demon (summoned) and 2 orc sorcerers.

Vanquished Creatures
  Erolcha (D)
  A hydra (D)
  A two-headed ogre (D)
  A centaur warrior (D)
  A tengu warrior (D)
  3 orc knights (D)
  A deep elf pyromancer (D)
  A cyclops (D)
  4 orc sorcerers (D)
  Maurice (D)
  2 cane toads (D)
  2 polar bears (D)
  A troll (D)
  A vampire (D)
  3 yaks (D)
  A steam dragon (D)
  2 water moccasins (D)
  An ice beast (D)
  9 orc warriors (D)
  6 black bears (D)
  A wolf (D)
  A centaur (D)
  2 bullfrogs (D)
  A scorpion (D)
  2 orc priests (D)
  A hound (D)
  An iguana (D)
  8 orc wizards (D)
  9 orcs (D)
  An endoplasm (D)
  A bat (D)
  A frilled lizard (D)
  2 kobolds (D)
74 creatures vanquished.

Vanquished Creatures (collateral kills)
  A hydra (D)
  A two-headed ogre (D)
  Sonja (D)
  An elephant (D)
  2 cane toads (D)
  A komodo dragon (D)
  A polar bear (D)
  A basilisk (D)
  A water moccasin (D)
  A bullfrog (D)
11 creatures vanquished.

Grand Total: 85 creatures vanquished

Notes
Turn   | Place    | Note
-------+----------+-------------------------------------------
     0 | D        | sircluck the Hill Orc Berserker began the quest for the
                  | Orb.
     0 | D        | Reached XP level 1. HP: 19/19 MP: 1/1
     3 | D        | Banished a spatial maelstrom
    52 | D        | Reached ** piety under Trog
    93 | D        | Noticed a hound
    93 | D        | Noticed a scorpion
    93 | D        | Noticed an ice beast
    93 | D        | Noticed an iguana
    96 | D        | Killed an iguana
    97 | D        | Reached skill level 5 in Fighting
    97 | D        | Reached skill level 6 in Axes
    97 | D        | Reached XP level 2. HP: 29/29 MP: 2/2
    97 | D        | Reached XP level 3. HP: 36/36 MP: 3/3
   100 | D        | Killed an ice beast
   101 | D        | Reached skill level 9 in Axes
   101 | D        | Reached XP level 4. HP: 47/47 MP: 4/4
   101 | D        | Reached XP level 5. HP: 52/52 MP: 5/5
   105 | D        | Reached *** piety under Trog
   106 | D        | Reached skill level 10 in Axes
   110 | D        | Reached skill level 11 in Axes
   167 | D        | Found a roughly hewn altar of Beogh.
   167 | D        | Found a snail-covered altar of Cheibriados.
   167 | D        | Found a shadowy altar of Dithmenos.
   167 | D        | Found a white marble altar of Elyvilon.
   167 | D        | Found a blossoming altar of Fedhas.
   167 | D        | Found an opulent altar of Gozag.
   168 | D        | Found a hazy altar of Hepliaklqana.
   169 | D        | Found a viscous altar of Jiyva.
   170 | D        | Found an ancient bone altar of Kikubaaqudgha.
   171 | D        | Found a corrupted altar of Lugonu.
   172 | D        | Found a burning altar of Makhleb.
   173 | D        | Found a sparkling altar of Nemelex Xobeh.
   174 | D        | Found an iron altar of Okawaru.
   175 | D        | Found a stormy altar of Qazlal.
   176 | D        | Found a sacrificial altar of Ru.
   177 | D        | Found a shimmering blue altar of Sif Muna.
   178 | D        | Found a bloodstained altar of Trog.
   179 | D        | Found a hide-covered altar of Uskayaw.
   180 | D        | Found a radiant altar of Vehumet.
   181 | D        | Found an ornate altar of the Wu Jian Council.
   182 | D        | Found a shimmering altar of Xom.
   183 | D        | Found a basalt altar of Yredelemnul.
   184 | D        | Found a glowing silver altar of Zin.
   185 | D        | Found a glowing golden altar of the Shining One.
   193 | D        | Found the +7 captain's cutlass {speed, disarm}
   231 | D        | Noticed a troll
   231 | D        | Noticed a two-headed ogre
   231 | D        | Noticed a yak
   231 | D        | Noticed a yak
   231 | D        | Noticed a two-headed ogre
   231 | D        | Noticed a vampire
   236 | D        | Killed a vampire
   236 | D        | Reached **** piety under Trog
   237 | D        | Reached skill level 10 in Fighting
   237 | D        | Reached skill level 12 in Axes
   237 | D        | Reached XP level 6. HP: 66/66 MP: 6/6
   243 | D        | Killed a two-headed ogre
   244 | D        | Reached skill level 15 in Axes
   244 | D        | Reached XP level 7. HP: 77/77 MP: 7/7
   244 | D        | Reached XP level 8. HP: 83/83 MP: 8/8
   248 | D        | Killed a yak
   249 | D        | Reached skill level 16 in Axes
   249 | D        | Reached skill level 5 in Dodging
   250 | D        | Killed a yak
   305 | D        | Killed a two-headed ogre
   306 | D        | Reached skill level 17 in Axes
   306 | D        | Reached XP level 9. HP: 44/94 MP: 9/9
   313 | D        | Killed a troll
   314 | D        | Reached skill level 18 in Axes
   537 | D        | Noticed a tengu warrior
   537 | D        | Noticed a deep elf pyromancer
   537 | D        | Noticed a cyclops
   537 | D        | Noticed a centaur warrior
   537 | D        | Noticed a six-headed hydra
   548 | D        | Killed a 12-headed hydra
   549 | D        | Reached skill level 19 in Axes
   552 | D        | Killed a centaur warrior
   553 | D        | Reached skill level 15 in Fighting
   554 | D        | Killed a deep elf pyromancer
   555 | D        | Reached XP level 10. HP: 61/106 MP: 10/10
   556 | D        | Reached ***** piety under Trog
   557 | D        | Reached skill level 10 in Armour
   560 | D        | Killed a cyclops
   561 | D        | Reached skill level 20 in Axes
   568 | D        | Killed a tengu warrior
   920 | D        | Noticed a cane toad
   923 | D        | Reached skill level 1 in Stealth
   929 | D        | Noticed a cane toad
   932 | D        | Killed a cane toad
   935 | D        | Received a gift from Trog
   940 | D        | Reached skill level 21 in Axes
   955 | D        | Killed a cane toad
   996 | D        | Noticed an elephant
   996 | D        | Noticed a cane toad
   996 | D        | Noticed an eight-headed hydra
   999 | D        | Killed an eight-headed hydra
  1000 | D        | Reached XP level 11. HP: 91/117 MP: 11/11
  1015 | D        | Received a gift from Trog
  1047 | D        | Reached skill level 22 in Axes
  1131 | D        | Noticed Erolcha
  1145 | D        | Killed Erolcha
  1145 | D        | Reached ****** piety under Trog
  1283 | D        | Noticed Sonja
  1306 | D        | Killed Sonja
  1310 | D        | Noticed Maurice
  1320 | D        | Killed Maurice
  1320 | D        | Received a gift from Trog
  1599 | D        | Received a gift from Trog
  1600 | D        | Reached skill level 15 in Armour
  1664 | D        | Noticed an orc knight
  1673 | D        | Killed an orc knight
  1674 | D        | Reached skill level 23 in Axes
  1674 | D        | Noticed an orc knight
  1678 | D        | Received a gift from Trog
  1685 | D        | Noticed an orc knight
  1688 | D        | Killed an orc knight
  1689 | D        | Reached skill level 1 in Throwing
  1709 | D        | Killed an orc knight
  1709 | D        | Received a gift from Trog
  1712 | D        | Reached XP level 12. HP: 129/130 MP: 12/12
  1805 | D        | Found Huepeble's General Store.
  1813 | D        | Paralysed by an orc sorcerer for 2 turns
  1820 | D        | Reached skill level 24 in Axes
  1821 | D        | Received a gift from Trog
  1825 | D        | Found Qeukuk's General Store.
  1827 | D        | Found Gamusahe's Distillery.
  1829 | D        | Noticed a sun demon
  1832 | D        | Found Haetapag's Assorted Antiques.
  1845 | D        | Received a gift from Trog
  1846 | D        | Reached skill level 1 in Evocations
  1847 | D        | Noticed a sun demon
  1857 | D        | Slain by a sun demon

Illustrated notes

Levels and vault maps discovered:
D:        linesprint [early_d, line_temple, items_1, d_10, items_2, lair_1,
          lair_end, items_3, orc_1, orc_end, items_4, d_15, swamp_1, shoals_1,
          snake_1, spider_1, d_20, vaults_1, items_5, swamp_end, shoals_end,
          snake_end, spider_end, vaults_end, d_27, items_6, zot_1, zot_end,
          crypt_end, forest_end, elf_end, slime_end, tomb_end, abyss_end,
          pan_hell_end]

Skill      XL: |  1  2  3  4  5  6  7  8  9 10 11 12 |
---------------+-------------------------------------+-----
Fighting       | 5 7 10 12 13 15 17 19 20 | 20.1
Axes           | 6 9 12 15 17 19 21 23 24 | 24.5
Dodging        | 2 3 4 5 6 |  6.6
Armour         | 3 4 6 7 9 12 15 | 15.4
Stealth        | 1 2 |  2.5
Throwing       | 1 |  1.0
Evocations     | 1 |  1.1

Action                     |  1- 3 |  4- 6 |  7- 9 | 10-12 || total
---------------------------+-------+-------+-------+-------++-------
  Melee: Hand axe          |    16 |    15 |       |       ||    31
         War axe           |       |    11 |    25 |    46 ||    82
         Punch             |       |       |       |     1 ||     1
         Executioner's axe |       |       |       |   123 ||   123
  Throw: Stone             |       |       |       |     4 ||     4
 Invoke: Berserk           |     2 |     1 |     2 |     5 ||    10
         Brothers in Arms  |       |       |     1 |     3 ||     4
  Evoke: Wand              |       |       |     1 |     4 ||     5
    Use: Potion            |       |       |     3 |    10 ||    13
         Scroll            |       |       |     2 |     1 ||     3
 Armour: Animal skin       |     2 |       |       |       ||     2
         Plate armour      |       |     1 |    22 |    95 ||   118
  Dodge: Dodged            |     5 |    10 |    20 |    82 ||   117

Table legend: (Time is in decaauts)
 A = Elapsed time spent in this place.
 B = Non-inter-level travel time spent in this place.
 C = Inter-level travel time spent in this place.
 D = Time resting spent in this place.
 E = Time spent auto-exploring this place.
 F = Levels seen in this place.
 G = Mean time per level.
                   A        B        C        D        E       F      G
               +--------+--------+--------+--------+--------+-----+--------+
         Total |   1866 |   1866 |      0 |    954 |    198 |   1 | 1866.0 |
       Dungeon |   1866 |   1866 |      0 |    954 |    198 |   1 | 1866.0 |
               +--------+--------+--------+--------+--------+-----+--------+

Top non-repeatable levels by time:
       D: 1866 daAuts
